Map: Submarine LE

Players

JieShi

  • Race: Protoss Protoss
  • Spawn Location: 11:00

TIME (Oliveira) - Winner!

  • Race: Terran Terran
  • League: Master
  • Spawn Location: 5:00

Event: DreamHack SC2 Masters 2020 Fall

VOD

Have the link to the VOD?

Description

Time

  • Played on: Sept. 6, 2020, 9:19 a.m.
  • Length: 6:16

All games in this series

Show
View Real Time Build Order
Export as new Build Order

JieShi Protoss 

Build Orders: 1 Gate Expand, Colossus Rush 

Get SALT Encoding   

  12  0:00  Probe  
  13  0:12  Probe  
  14  0:18  Pylon  
  14  0:24  Probe (Chrono Boost)  
  15  0:37  Gateway, Probe (Chrono Boost)  
  16  0:44  Probe (Chrono Boost)  
  16  0:45  Assimilator  
  17  0:52  Probe  
  18  1:04  Probe  
  19  1:16  Probe  
  20  1:24  Nexus  
  20  1:30  Probe  
  21  1:33  Assimilator  
  21  1:40  Pylon  
  21  1:42  Probe  
  22  1:55  Probe  
  22  1:57  Cybernetics Core  
  23  2:04  Pylon  
  23  2:07  Probe  
  23  2:19  Probe  
  24  2:30  Adept (Chrono Boost)  
  24  2:33  Warp Gate  
  24  2:34  Robotics Facility, Probe (Chrono Boost)  
  27  2:37  Probe (Chrono Boost)  
  29  2:46  Probe (Chrono Boost)  
  29  2:47  Probe (Chrono Boost)  
  29  2:51  Probe (Chrono Boost), Stalker (Chrono Boost)  
  30  2:55  Probe  
  34  3:03  Probe  
  34  3:04  Shield Battery  
  34  3:07  Probe  
  34  3:11  Stalker (Chrono Boost)  
  33  3:15  Probe  
  33  3:18  Shield Battery  
  36  3:26  Probe  
  36  3:27  Probe  
  37  3:40  Probe  
  33  3:41  Observer  
  33  3:42  Gateway, Probe  
  34  3:52  Probe  
  34  3:55  Gateway, Probe (Chrono Boost)  
  36  4:04  Observer (Chrono Boost), Probe (Chrono Boost)  
  39  4:13  Probe (Chrono Boost)  
  39  4:14  Probe (Chrono Boost)  
  40  4:19  Robotics Bay, Probe x2 (Chrono Boost)  
  42  4:30  Assimilator, Probe  
  42  4:31  Pylon, Probe  
  44  4:33  Observer  
  44  4:34  Assimilator  
  44  4:37  Pylon  
  45  4:38  Pylon  
  45  4:47  Probe  
  45  4:49  Probe  
  45  4:51  Stalker x2  
  51  4:52  Stalker  
  51  4:59  Probe  
  54  5:01  Probe  
  54  5:04  Colossus (Chrono Boost)  
  55  5:11  Probe  
  55  5:13  Probe  
  63  5:18  Stalker  
  65  5:24  Stalker  
  65  5:25  Zealot  
  69  5:34  Pylon  
  68  5:51  Zealot x2  
  62  6:00  Stalker  
  62  6:01  Probe x2  
Show
View Real Time Build Order
Export as new Build Order

TIME Terran - Winner!

Build Orders:  

Get SALT Encoding   

  12  0:00  SCV  
  13  0:12  SCV  
  14  0:17  Supply Depot  
  14  0:24  SCV  
  15  0:39  SCV  
  15  0:40  Barracks  
  16  0:44  Refinery  
  16  0:51  SCV  
  16  0:53  Refinery  
  17  1:03  SCV  
  18  1:09  Supply Depot  
  18  1:15  SCV  
  19  1:27  Orbital Command, Reaper  
  20  1:43  Factory  
  20  1:53  SCV  
  21  1:59  Reaper  
  22  2:05  SCV  
  23  2:17  SCV  
  24  2:24  Command Center  
  24  2:27  Hellion  
  26  2:32  SCV, Reaper  
  28  2:39  Supply Depot  
  29  2:44  SCV  
  29  2:49  Hellion  
  31  2:54  Starport  
  31  3:13  SCV  
  31  3:14  Factory Tech Lab  
  31  3:18  Barracks Reactor  
  32  3:30  SCV  
  33  3:39  Starport Tech Lab  
  33  3:40  Orbital Command, Siege Tank  
  36  3:47  Barracks x2  
  34  3:48  SCV  
  33  3:55  Orbital Command  
  33  4:00  Banshee, Marine x2  
  38  4:04  SCV  
  39  4:13  Siege Tank  
  39  4:16  SCV  
  43  4:18  Marine x2  
  45  4:25  SCV  
  45  4:30  Supply Depot  
  46  4:33  SCV  
  46  4:35  Marine x2  
  46  4:36  Marine  
  46  4:38  SCV  
  51  4:44  Supply Depot  
  51  4:45  Siege Tank  
  54  4:51  Banshee, Marine  
  58  4:54  SCV x2  
  58  4:57  Marine  
  60  5:01  Marine x2  
  62  5:07  Supply Depot  
  62  5:08  SCV x2  
  62  5:09  Marine  
  65  5:15  Marine  
  66  5:22  Siege Tank, Marine  
  69  5:29  Marine  
  69  5:30  SCV, Marine  
  69  5:31  SCV  
  69  5:32  Engineering Bay  
  73  5:36  Supply Depot  
  73  5:37  Marine  
  73  5:44  Bunker  
  73  5:45  Bunker, Marine  
  74  5:55  Marine x2  

Tags
 
Add a new tag
Caveats
  • Supply blocks, unpowered buildings, or Contaminate may cause inaccurate times.
  • Supply counts are checked every 10 seconds.